 Dungeon Crawl Stone Soup version 0.17-a0-547-g5e20af8 (webtiles) character file.

215174 nubinia the Sorcerer (level 18, -8/96 HPs)
             Began as a Deep Elf Venom Mage on Apr 12, 2015.
             Was the Champion of Ashenzari.
             Mangled by a grey draconian monk (9 damage)
             ... summoned by old memories
             ... in a wizard's laboratory on Apr 13, 2015.
             The game lasted 06:54:19 (40610 turns).

nubinia the Sorcerer (Deep Elf Venom Mage)         Turns: 40610, Time: 06:54:20

Health: -8/96      AC: 15    Str: 13    XL:     18   Next: 32%
Magic:  41/54      EV: 31    Int: 32    God:    Ashenzari [******]
Gold:   600        SH: 15    Dex: 27    Spells: 18 memorised, 3 levels left

rFire  + . .     SeeInvis +     E - +9 dagger "Ywiodug" {flame, Int+4} (curse)
rCold  . . .     Clarity  +     M - +3 leather armour {rN+} (curse)
rNeg   + + .     SustAb   .     K - +2 shield "Ituteah" {rElec rPois Str+4} (curse)
rPois  +         Gourm    .     d - +1 helmet (curse)
rElec  +         Spirit   .     c - +1 cloak (curse)
rCorr  .         Warding  .     b - +0 pair of gloves of Kel Fuqixt {MR+ MP+9} (curse)
rMut   .         Stasis   .     J - +2 pair of boots {Stlth+} (curse)
MR     ++++.                    m - amulet of regeneration (curse)
Stlth  +++++++++.               L - ring "Gaagou" {rN+ MR++ Str+2 Int+3 Dex+2} (curse)
                                S - ring of Citroesso {rPois rF+ Dex+6 Slay+3} (curse)

@: deflect missiles, incredibly resistant to hostile enchantments, incredibly
stealthy
A: talons 1, agile 1, wild magic 1
a: Scrying, Transfer Knowledge, Renounce Religion
}: 1/15 runes: barnacled


You were in a wizard's laboratory.
You worshipped Ashenzari.
Ashenzari was exalted by your worship.
You were not hungry.

You visited 8 branches of the dungeon, and saw 37 of its levels.
You visited 1 bazaar.
You also visited: Trove and Wizlab.

You collected 4028 gold pieces.
You spent 3428 gold pieces at shops.

Inventory:

Hand weapons
 E - the cursed +9 dagger "Ywiodug" (weapon) {flame, Int+4}
   (You found it on level 3 of the Lair of Beasts)

   It has been specially enchanted to burn those struck by it, causing extra
   injury to most foes and up to half again as much damage against particularly
   susceptible opponents.
   It affects your intelligence (+4).
   It has a curse placed upon it.
Armour
 b - the cursed +0 pair of gloves of Kel Fuqixt (worn) {MR+ MP+9}
   (You bought it in a shop in a bazaar)

   It affects your resistance to hostile enchantments.
   It affects your magic capacity (+9).
   It has a curse placed upon it.
 c - a cursed +1 cloak (worn)
 d - a cursed +1 helmet (worn)
 J - a cursed +2 pair of boots of stealth (worn)
 K - the cursed +2 shield "Ituteah" (worn) {rElec rPois Str+4}
   (You took it off a kobold on level 5 of the Dungeon)

   It affects your strength (+4).
   It insulates you from electricity.
   It protects you from poison.
   It has a curse placed upon it.
 M - a cursed +3 leather armour of positive energy (worn)
Jewellery
 g - a cursed ring of positive energy
 m - a cursed amulet of regeneration (around neck)
 n - the cursed ring of Akusulel {Fire +Fly rElec MP+9}
   (You found it in a treasure trove)

   [ring of fire]

   It enhances your fire magic, and weakens your ice magic.
   It protects you from fire.
   It makes you vulnerable to cold.
   It insulates you from electricity.
   It affects your magic capacity (+9).
   It lets you fly.
   It has a curse placed upon it.
 A - the cursed ring "Wota" {+Blink rPois rC+ AC+5}
   (You found it in a treasure trove)

   [ring of protection]

   It affects your AC (+5).
   It protects you from cold.
   It protects you from poison.
   It lets you blink.
   It has a curse placed upon it.
 L - the cursed ring "Gaagou" (right hand) {rN+ MR++ Str+2 Int+3 Dex+2}
   (You bought it in a shop on level 4 of the Orcish Mines)

   [ring of positive energy]

   It affects your strength (+2).
   It affects your intelligence (+3).
   It affects your dexterity (+2).
   It protects you from negative energy.
   It affects your resistance to hostile enchantments.
   It has a curse placed upon it.
 S - the cursed ring of Citroesso (left hand) {rPois rF+ Dex+6 Slay+3}
   (You bought it in a shop on level 9 of the Dungeon)

   [ring of slaying]

   It affects your dexterity (+6).
   It affects your accuracy and damage with ranged weapons and melee attacks
   (+3).
   It protects you from fire.
   It protects you from poison.
   It has a curse placed upon it.
Magical devices
 D - a wand of draining (5)
 G - a wand of lightning (8)
 Q - a wand of teleportation (3)
Scrolls
 a - 4 scrolls of remove curse
 i - 4 scrolls of teleportation
 v - 8 scrolls of magic mapping
 B - 3 scrolls of recharging
 F - a scroll of summoning
 O - 11 scrolls of identify
Potions
 h - 3 potions of might
 j - 2 potions of haste
 l - 2 potions of magic
 o - 7 potions of heal wounds
 p - 2 potions of resistance
 t - 3 potions of restore abilities
 R - 3 potions of agility
 V - 6 potions of brilliance
 W - 3 potions of cancellation
 X - 2 potions of cure mutation
Miscellaneous
 s - a sack of spiders
 C - a lamp of fire
 I - a phial of floods (inert)
 N - a sack of spiders
 Y - a fan of gales
 Z - a stone of tremors (inert)
Comestibles
 f - 3 chunks of flesh
 k - a beef jerky
 T - 26 fruits


   Skills:
 + Level 4.8 Fighting
 + Level 7.4(11.9) Short Blades
 + Level 4.2 Armour
 + Level 12.6(16.7) Dodging
 + Level 15.8(19.7) Stealth
 + Level 7.9(10.9) Shields
 * Level 21.2 Spellcasting
 + Level 12.5(16.6) Conjurations
 * Level 6.9(11.4) Charms
 - Level 6.9(11.4) Necromancy
 + Level 7.7(12.2) Translocations
 * Level 6.2(10.7) Air Magic
 + Level 2.0(5.3) Earth Magic
 - Level 5.0(9.4) Poison Magic
 + Level 5.1(9.6) Evocations


You had 3 spell levels left.
You knew the following spells:

 Your Spells              Type           Power        Failure   Level  Hunger
a - Sting                 Conj/Pois      ####         1%          1    None
b - Stone Arrow           Conj/Erth      ######       1%          3    None
c - Mephitic Cloud        Conj/Pois/Air  ########     1%          3    None
d - Olgreb's Toxic Radia  Pois           #######.     2%          4    None
e - Iskenderun's Mystic   Conj           ########     1%          4    None
f - Force Lance           Conj/Tloc      ########     1%          4    None
g - Shroud of Golubria    Chrm/Tloc      ########..   1%          2    None
h - Deflect Missiles      Chrm/Air       ########..   11%         6    None
i - Gell's Gravitas       Hex/Tloc       #######...   2%          3    None
o - Passwall              Trmt/Erth      ######....   5%          3    None
p - Phase Shift           Tloc           ########..   2%          5    None
r - Recall                Summ/Tloc      N/A          2%          3    None
s - Stoneskin             Trmt/Erth      ######..     3%          2    None
A - Apportation           Tloc           ########..   1%          1    None
D - Animate Dead          Necr           N/A          1%          4    None
R - Regeneration          Chrm/Necr      ########..   1%          3    None
S - Animate Skeleton      Necr           N/A          1%          1    None
T - Control Teleport      Chrm/Tloc      ########..   1%          4    None


Dungeon Overview and Level Annotations

Branches:
Dungeon (13/15)            Temple (1/1) D:5            Lair (8/8) D:9
 Shoals (5/5) Lair:4       Spider (3/5) Lair:6        Slime (0/6) Lair:8
    Orc (4/4) D:10            Elf (1/3) Orc:3        Vaults (2/5) D:13
  Crypt: Vaults:2-3

Altars:
Ashenzari
Cheibriados
Dithmenos
Elyvilon
Fedhas
Gozag
Kikubaaqudgha
Makhleb
Nemelex Xobeh
Okawaru
Qazlal
Ru
Sif Muna
Trog
Vehumet
Xom
Yredelemnul
Zin
The Shining One
Jiyva

Shops:
D:5 [   D:6 *   D:9 =   Orc:4 [=*[(   Elf:1 *   Shoals:1 *

Annotations:
D:3 Voda's ghost, average OpEE
D:4 exclusion: phantom, Grinder
D:5 exclusion: door
D:8 exclusion: statue


Innate Abilities, Weirdness & Mutations

You have sharp toenails.
You are agile. (Dex +2)
Your spells are a little harder to cast, but a little more powerful.


Message History

The grey draconian monk completely misses you. x2
You hit the grey draconian monk but do no damage.
The grey draconian monk is moderately wounded.
The grey draconian monk hits you!! The grey draconian monk kicks you!
* * * LOW HITPOINT WARNING * * *
You block the grey draconian monk's attack.
The grey draconian monk completely misses you.
Casting: Force Lance
Confirm with . or Enter, or press ? or * to list all spells.
Aiming: Force Lance
Press: ? - help, Shift-Dir - straight line, f/p - grey draconian monk
Aim: a grey draconian monk, wearing a cloak (moderately wounded, summoned)
The lance of force misses the grey draconian monk.
The grey draconian monk hits you!
* * * LOW HITPOINT WARNING * * *
The grey draconian monk kicks you but does no damage.
The grey draconian monk tail-slaps you!
* * * LOW HITPOINT WARNING * * *
The grey draconian monk tail-slaps you!
You die...

♣♣♣♣♣♣ ♣♣♣♣♣ ♣....♣♣
♣♣.♣.♣♣ ##
♣♣...♣.♣♣♣..@..♣♣ ** **
.##♣♣.....♣♣♣....q..♣** ,
*
..'..................'..∩
*
.##♣♣...............♣##.
* ##
♣♣.....8.........♣*** *
♣.........♣♣..♣.♣
♣♣♣♣.....♣♣*♣♣♣♣♣ **
♣♣...♣♣*** * * * ** *
**,,**#+++#* *** , ** ,


You could see a grey draconian monk.

Vanquished Creatures
  Jorgrun (Spider:2)
  Rupert (Orc:4)
  Frances (Spider:1)
  A sphinx (D:11)
  Kirke (Spider:1)
  Ilsuiw (Shoals:5)
  Louise (Shoals:3)
  An emperor scorpion (Spider:2)
  An orc warlord (Orc:4)
  Nessos (Orc:4)
  A slime creature (D:13)
  A merfolk javelineer (Shoals:5)
  5 merfolk impalers
  2 fire dragons
  A deep elf high priest (Elf:1)
  Harold (Lair:3)
  A centaur warrior (D:13)
  6 hydras
  3 merfolk avatars
  Erica (D:10)
  7 merfolk aquamancers
  An alligator snapping turtle (Shoals:5)
  6 death yaks
  3 orc high priests (Orc:4)
  A tengu warrior (D:13)
  7 deep elf knights (Elf:1)
  7 sea snakes
  A lindwurm (Lair:6)
  An ironbrand convoker (Vaults:1)
  2 hill giants
  2 unseen horrors
  5 harpies (Shoals:4)
  10 deep elf summoners (Elf:1)
  3 orb spiders
  A frost giant zombie (Vaults:1)
  3 deep elf conjurers (Elf:1)
  7 orc knights
  An oklob plant (Lair:7)
  7 wolf spiders
  12 manticores
  5 ugly things
  3 fauns (Shoals:1)
  3 orc sorcerers (Orc:4)
  4 cyclopes
  9 griffons
  6 water nymphs
  2 black mambas
  9 sirens
  The ghost of karlm the Firebug, an experienced NaWz of Vehumet (D:6)
  3 torpor snails
  A queen ant (Lair:5)
  22 spiny frogs
  3 demonic crawlers (Spider:2)
  5 komodo dragons
  A yaktaur (D:11)
  An elf (shapeshifter) (Vaults:1)
  A redback zombie (Spider:1)
  7 deep elf priests (Elf:1)
  A polar bear (Lair:6)
  A yaktaur skeleton (Vaults:1)
  27 merfolk
  2 two-headed ogres
  A fire drake (Lair:7)
  3 wind drakes (Shoals:1)
  2 giant leeches (Lair:8)
  5 trolls
  A harpy skeleton (Shoals:4)
  A queen bee (Spider:3)
  A slime creature (shapeshifter) (D:13)
  4 snapping turtles
  4 jumping spiders (Spider:3)
  4 ravens (D:13)
  26 blink frogs
  A snapping turtle (shapeshifter) (Elf:1)
  4 trapdoor spiders
  A wyvern (Lair:8)
  11 deep elf fighters (Elf:1)
  13 redbacks
  31 yaks
  6 tarantellas
  9 water elementals
  A spriggan (D:7)
  A basilisk (Lair:7)
  2 wraiths
  14 hippogriffs
  A basilisk (shapeshifter) (D:13)
  Grum (D:8)
  12 deep elf magi
  A yaktaur simulacrum (Vaults:1)
  A neqoxec (Orc:4)
  19 wolves
  8 vampire mosquitoes
  3 wargs
  Edmund (D:5)
  2 hungry ghosts
  14 water moccasins
  18 soldier ants
  10 porcupines
  5 sky beasts
  3 black bears
  9 ogres
  4 phantoms
  A spiny frog skeleton (Lair:5)
  A necrophage (D:8)
  39 orc warriors
  14 spiders
  2 wasps
  A swamp drake (D:10)
  2 ice beasts
  A human zombie (Vaults:1)
  3 boggarts (Vaults:1)
  2 boring beetles
  7 centaurs
  A merfolk skeleton (Shoals:3)
  A big kobold (D:9)
  13 crocodiles
  A manticore skeleton (Shoals:5)
  A wyvern zombie (D:13)
  18 giant frogs
  5 scorpions
  A wyvern skeleton (D:6)
  5 jellies
  2 gnoll sergeants (D:9)
  29 killer bees
  An electric eel (Lair:4)
  A vampire bat (Orc:3)
  A water moccasin skeleton (D:9)
  2 quasits
  7 wights
  2 goliath beetles
  2 centaur zombies
  7 crimson imps
  4 giant frog zombies
  15 hounds
  32 orc priests
  A gnoll shaman (D:9)
  37 orc wizards
  5 centaur skeletons
  A giant frog skeleton (D:4)
  Natasha (thrice) (D:2)
  12 iguanas
  20 worker ants
  4 hell rats (Lair:4)
  21 sheep
  A hound skeleton (D:9)
  A hound zombie (D:11)
  3 mummies
  7 gnolls
  16 adders
  43 river rats
  3 shadow imps
  4 worms
  8 orc skeletons
  An adder zombie (D:8)
  A sheep skeleton (Lair:5)
  An adder skeleton (D:8)
  3 giant geckos
  An ooze (D:7)
  215 orcs
  19 bats
  3 bat skeletons
  A bat zombie (D:5)
  40 goblins
  31 hobgoblins
  18 jackals
  2 ball pythons
  10 giant cockroaches
  A giant gecko skeleton (D:5)
  4 giant newts
  4 giant spores
  A goblin skeleton (Orc:4)
  A jackal zombie (D:5)
  23 kobolds
  A kobold zombie (D:4)
  3 orc zombies (D:4)
  4 quokka skeletons
  16 rats
  2 river rat skeletons (Lair:7)
  3 ballistomycetes
  A butterfly (Lair:3)
  A plant (Lair:8)
1319 creatures vanquished.

Vanquished Creatures (collateral kills)
  Saint Roka (Vaults:1)
  A kraken (Shoals:5)
  Polyphemus (Shoals:3)
  Donald (Shoals:4)
  Aizul (Shoals:1)
  A deep elf demonologist (Elf:1)
  2 merfolk javelineers (Shoals:5)
  4 merfolk impalers
  Josephine (Lair:8)
  An entropy weaver (Spider:3)
  A catoblepas (Shoals:3)
  2 hydras (Lair:6)
  An alligator snapping turtle (Shoals:4)
  2 merfolk aquamancers
  2 death yaks (Shoals:3)
  3 sea snakes
  A faun (Shoals:1)
  An orc sorcerer (Orc:4)
  A manticore (Shoals:4)
  2 deep elf conjurers (Elf:1)
  A cyclops (Shoals:3)
  4 griffons
  A wolf spider (Spider:2)
  A water nymph (Shoals:5)
  3 black mambas
  A drowned soul (Shoals:2)
  2 sirens (Shoals:5)
  A vault sentinel (D:13)
  A torpor snail (Lair:4)
  3 spiny frogs (Lair:8)
  A komodo dragon (Lair:4)
  A troll (Vaults:1)
  A fire drake (Lair:8)
  9 merfolk
  A wind drake (Shoals:4)
  A boulder beetle (Spider:1)
  2 jumping spiders
  2 giant leeches (Lair:8)
  8 blink frogs
  4 trapdoor spiders
  6 water elementals
  2 redbacks
  13 yaks
  A tarantella (Spider:1)
  2 hogs (Spider:1)
  2 hippogriffs
  A giant leech zombie (Lair:8)
  3 wraiths (Lair:8)
  2 wolves
  2 water moccasins
  5 soldier ants (Lair:5)
  8 spiders
  6 orc warriors
  2 porcupines
  A boring beetle (Lair:8)
  2 crocodiles
  6 giant frogs
  A centaur (Shoals:5)
  3 electric eels
  4 orc priests
  3 orc wizards
  10 worker ants
  An iguana (Lair:6)
  9 sheep
  4 river rats
  19 orcs
  A hobgoblin (Orc:1)
  3 bats (Orc:3)
  A goblin (Orc:3)
  2 ballistomycetes (D:13)
  A butterfly (Lair:7)
  4 fungi
  2 plants
210 creatures vanquished.

Vanquished Creatures (others)
  An eldritch tentacle (Shoals:3)
  A necromancer (Vaults:1)
  The ghost of Voda the Ruffian, an experienced TrCK of Xom (D:5)
  3 drowned souls (Shoals:2)
  A deep dwarf zombie (Spider:2)
  A redback zombie (Spider:3)
  A demonic crawler (Spider:1)
  A sea snake skeleton (Shoals:5)
  A centaur skeleton (Orc:4)
  2 water elementals
  A death yak skeleton (Lair:4)
  2 trapdoor spider zombies
  2 tarantella zombies (Spider:2)
  A harpy skeleton (Shoals:4)
  3 jumping spider zombies (Spider:3)
  2 griffon skeletons
  A black mamba skeleton (Lair:8)
  A raven skeleton (D:13)
  A human skeleton (Vaults:1)
  2 water nymph skeletons
  6 merfolk skeletons
  An earth elemental (Shoals:5)
  3 spiny frog skeletons
  2 manticore skeletons
  10 blink frog skeletons
  A snapping turtle skeleton (Shoals:5)
  2 komodo dragon skeletons
  A spider zombie (Spider:2)
  A wyvern skeleton (Lair:8)
  A cyclops skeleton (Shoals:5)
  2 yak skeletons
  3 elf skeletons (Elf:1)
  5 giant frog skeletons
  A porcupine skeleton (Lair:8)
  12 killer bee zombies
  2 ogre skeletons
  A crocodile skeleton (Lair:8)
  An adder (D:11)
  An orc zombie (Vaults:1)
  4 sheep skeletons
  2 orcs (D:11)
  3 bat skeletons (Orc:3)
  A gnoll skeleton (D:11)
  5 goblin skeletons
  2 hobgoblin skeletons
  41 orc skeletons
  3 river rat skeletons
  135 eldritch tentacle segments (Shoals:3)
  2 fungi
  3 plants
  2 tentacles (Shoals:5)
288 creatures vanquished.

Grand Total: 1817 creatures vanquished

Notes
Turn   | Place    | Note
--------------------------------------------------------------
     0 | D:1      | nubinia, the Deep Elf Venom Mage, began the quest for the Orb.
     0 | D:1      | Reached XP level 1. HP: 10/10 MP: 6/6
   118 | D:1      | Reached XP level 2. HP: 15/15 MP: 0/8
   233 | D:1      | Learned a level 2 spell: Cure Poison
   695 | D:1      | Reached skill level 5 in Poison Magic
   775 | D:1      | Reached XP level 3. HP: 17/19 MP: 7/9
   790 | D:1      | Learned a level 3 spell: Mephitic Cloud
  1522 | D:2      | Noticed Natasha
  1644 | D:2      | Reached skill level 1 in Conjurations
  1727 | D:2      | Killed Natasha
  1727 | D:2      | Reached XP level 4. HP: 10/24 MP: 0/12
  1937 | D:2      | Learned a level 4 spell: Olgreb's Toxic Radiance
  2212 | D:2      | Noticed Natasha
  2214 | D:2      | Killed Natasha
  2275 | D:2      | Noticed Natasha
  2278 | D:2      | Killed Natasha
  2340 | D:3      | Noticed a giant frog
  2424 | D:3      | Killed a giant frog
  2424 | D:3      | Reached skill level 1 in Air Magic
  2424 | D:3      | Reached XP level 5. HP: 28/28 MP: 5/14
  2514 | D:3      | Noticed Voda's ghost (average OpEE)
  2641 | D:3      | Reached skill level 5 in Spellcasting
  3176 | D:3      | Found a shattered altar of Ashenzari.
  3294 | D:3      | Found a shadowy altar of Dithmenos.
  3307 | D:3      | Became a worshipper of Ashenzari the Shackled
  3420 | D:5      | Entered Level 5 of the Dungeon
  3427 | D:5      | Killed Voda's ghost
  3522 | D:4      | Reached XP level 6. HP: 32/32 MP: 10/16
  3726 | D:4      | Reached skill level 6 in Spellcasting
  3988 | D:4      | Noticed a phantom
  4235 | D:4      | Noticed Grinder
  4508 | D:4      | Found a shimmering altar of Xom.
  5155 | D:5      | Noticed an ice beast
  5183 | D:5      | Noticed Edmund
  5196 | D:5      | Killed Edmund
  5196 | D:5      | Reached skill level 7 in Spellcasting
  5196 | D:5      | Reached XP level 7. HP: 35/37 MP: 5/19
  5465 | D:5      | Found a staircase to the Ecumenical Temple.
  5640 | D:5      | Reached skill level 1 in Short Blades
  5906 | Temple   | Entered the Ecumenical Temple
  6104 | D:6      | Found Zin's Purification Station.
  6108 | D:6      | Found a glowing silver altar of Zin.
  6362 | D:5      | Found a sparkling altar of Nemelex Xobeh.
  6394 | D:5      | Found Xeacw's Armour Boutique.
  6402 | D:5      | Bought a +0 pair of boots of stealth for 149 gold pieces
  6449 | D:5      | Got the uncursed shield "Ituteah" {rElec rPois Str+4}
  6460 | D:5      | Identified the +2 shield "Ituteah" {rElec rPois Str+4} (You took it off a kobold on level 5 of the Dungeon)
  6927 | D:5      | Reached skill level 1 in Fighting
  7000 | D:5      | Killed an ice beast
  7000 | D:5      | Reached skill level 1 in Shields
  7366 | D:6      | Reached XP level 8. HP: 43/43 MP: 21/21
  7415 | D:6      | Noticed karlm's ghost (experienced NaWz)
  7728 | D:8      | Found an iron altar of Okawaru.
  7833 | D:7      | Reached skill level 8 in Spellcasting
  8389 | D:7      | Reached skill level 1 in Armour
  8465 | D:7      | Reached skill level 5 in Conjurations
  8570 | D:8      | Noticed Grum
  9005 | D:8      | Reached XP level 9. HP: 42/47 MP: 19/23
  9134 | D:8      | Acquired Ashenzari's first power
  9217 | D:8      | Found a radiant altar of Vehumet.
  9382 | D:9      | Gained mutation: Your spells are a little harder to cast, but a little more powerful. [potion of mutation]
  9382 | D:9      | Gained mutation: You have sharp toenails. [potion of mutation]
  9382 | D:9      | Gained mutation: You are agile. (Dex +2) [potion of mutation]
  9408 | D:10     | Entered Level 10 of the Dungeon
  9480 | D:10     | Reached skill level 5 in Dodging
  9545 | D:10     | Reached skill level 5 in Stealth
  9671 | D:10     | Noticed a hill giant
  9703 | D:9      | Found a stormy altar of Qazlal.
  9705 | D:9      | Found a glowing golden altar of the Shining One.
  9766 | D:9      | Found a bloodstained altar of Trog.
  9797 | D:9      | Acquired Ashenzari's second power
  9837 | D:9      | Found a staircase to the Lair.
  9939 | D:9      | Learned a level 4 spell: Iskenderun's Mystic Blast
 10016 | D:9      | Reached skill level 9 in Spellcasting
 10369 | D:8      | Killed Grum
 10809 | D:8      | Reached skill level 10 in Spellcasting
 11063 | D:9      | Reached XP level 10. HP: 53/53 MP: 26/26
 11736 | D:9      | Found Homubikh's Jewellery Boutique.
 11806 | D:9      | Reached skill level 11 in Spellcasting
 12127 | Lair:1   | Entered Level 1 of the Lair of Beasts
 12655 | Lair:1   | Acquired Ashenzari's third power
 12774 | Lair:1   | Reached skill level 12 in Spellcasting
 12811 | Lair:1   | Reached skill level 5 in Shields
 13029 | Lair:1   | Reached XP level 11. HP: 56/58 MP: 17/29
 13823 | D:6      | Killed karlm's ghost
 14063 | D:5      | Bought the +0 cloak "Vokhloc" {rPois rC- MP+9 Int+5} for 249 gold pieces
 14412 | Lair:2   | Learned a level 4 spell: Force Lance
 14424 | Lair:2   | Reached skill level 1 in Translocations
 14429 | Lair:2   | Learned a level 1 spell: Apportation
 14539 | Lair:2   | Noticed a six-headed hydra
 14547 | Lair:2   | Killed a six-headed hydra
 14664 | Lair:2   | Reached skill level 13 in Spellcasting
 15270 | Lair:3   | Noticed Harold
 15270 | Lair:3   | Noticed a six-headed hydra
 15406 | Lair:3   | Learned a level 2 spell: Shroud of Golubria
 15480 | Lair:3   | Reached skill level 1 in Charms
 15537 | Lair:3   | Identified the +9 dagger "Ywiodug" {flame, Int+4}
 15576 | Lair:3   | Killed a six-headed hydra
 15581 | Lair:3   | Learned a level 3 spell: Regeneration
 15694 | Lair:3   | Acquired Ashenzari's fourth power
 15877 | Lair:3   | Killed Harold
 16258 | Lair:3   | Reached skill level 10 in Conjurations
 16326 | Lair:4   | Reached skill level 1 in Necromancy
 16411 | Lair:4   | Noticed a death yak
 16411 | Lair:4   | Noticed a death yak
 16431 | Lair:4   | Noticed a five-headed hydra
 16437 | Lair:4   | Killed a five-headed hydra
 16437 | Lair:4   | Reached XP level 12. HP: 53/64 MP: 16/31
 16553 | Lair:4   | Noticed a five-headed hydra
 16559 | Lair:4   | Killed a five-headed hydra
 16662 | Lair:4   | Noticed a five-headed hydra
 16666 | Lair:4   | Killed a five-headed hydra
 16666 | Lair:4   | Reached skill level 5 in Necromancy
 16710 | Lair:4   | Learned a level 1 spell: Animate Skeleton
 16715 | Lair:4   | Learned a level 4 spell: Control Teleport
 16820 | Lair:4   | Noticed a death yak
 17077 | Lair:4   | Noticed a death yak
 17077 | Lair:4   | Noticed a death yak
 17455 | Lair:4   | Killed a death yak
 17534 | Lair:1   | Killed a death yak
 17534 | Lair:1   | Reached skill level 14 in Spellcasting
 18289 | D:10     | Killed a hill giant
 18331 | D:10     | Found a staircase to the Orcish Mines.
 18342 | D:10     | Noticed Erica
 18350 | D:10     | Killed Erica
 18489 | Orc:1    | Entered Level 1 of the Orcish Mines
 19578 | D:9      | Bought the ring of Citroesso {rPois rF+ Dex+6 Slay+3} for 1212 gold pieces
 19746 | Lair:4   | Killed a death yak
 19890 | Lair:4   | Killed a death yak
 19894 | Lair:4   | Killed a death yak
 20060 | Lair:4   | Found a staircase to the Shoals.
 20075 | Lair:4   | Reached XP level 13. HP: 69/69 MP: 28/33
 20162 | Lair:4   | Reached skill level 15 in Spellcasting
 20499 | Lair:5   | Reached skill level 5 in Short Blades
 20604 | Lair:5   | Reached skill level 10 in Stealth
 21441 | Lair:6   | Learned a level 3 spell: Gell's Gravitas
 21566 | Lair:6   | Found a hole to the Spider Nest.
 21720 | Lair:6   | Reached skill level 16 in Spellcasting
 23181 | Lair:7   | Reached XP level 14. HP: 75/75 MP: 34/36
 23249 | Lair:8   | Entered Level 8 of the Lair of Beasts
 23983 | Lair:8   | Reached skill level 17 in Spellcasting
 24090 | Lair:8   | Noticed Josephine
 24099 | Lair:8   | Killed Josephine
 24261 | Lair:8   | Identified the +0 quarterstaff of Amorality {freeze, rN+ Stlth+}
 24286 | Lair:8   | Found a viscous altar of Jiyva.
 24286 | Lair:8   | Found a staircase to the Slime Pits.
 25242 | Orc:3    | Found a staircase to the Elven Halls.
 25813 | Orc:4    | Entered Level 4 of the Orcish Mines
 26016 | Orc:4    | Found Ocot Ila's Armour Shoppe.
 26124 | Orc:4    | Noticed Rupert
 26359 | Orc:4    | Noticed Nessos
 26365 | Orc:4    | Killed Nessos
 26552 | Orc:4    | Noticed an orc warlord
 26563 | Orc:4    | Your ally Nessos died
 26906 | Orc:4    | Killed an orc warlord
 26906 | Orc:4    | Reached skill level 10 in Dodging
 27411 | Orc:4    | Found Ummammiu's General Store.
 27412 | Orc:4    | Found Hughet's Jewellery Shoppe.
 27413 | Orc:4    | Found Zojaelac's Antique Armour Shoppe.
 27413 | Orc:4    | Found Oluteuco's Antique Weapon Emporium.
 27544 | Orc:4    | Bought a helmet for 144 gold pieces
 27666 | Elf:1    | Entered Level 1 of the Elven Halls
 27889 | Elf:1    | Reached skill level 18 in Spellcasting
 27954 | Elf:1    | Reached XP level 15. HP: 40/80 MP: 35/39
 28333 | Elf:1    | Found Tdemaf's Tempting Trifles.
 29009 | Orc:4    | Bought the cursed +1 leather armour of Instinct {+Fly Regen+ Slay+3} for 359 gold pieces
 29075 | Orc:4    | Killed Rupert
 29133 | Orc:4    | Bought the ring "Gaagou" {rN+ MR++ Str+2 Int+3 Dex+2} for 651 gold pieces
 29412 | Shoals:1 | Entered Level 1 of the Shoals
 29739 | Shoals:1 | Upgraded the game from 0.17-a0-530-gbe3d13a to 0.17-a0-547-g5e20af8
 29780 | Shoals:1 | Noticed Aizul
 29850 | Shoals:1 | Found Jiugyef's Assorted Antiques.
 29970 | Shoals:1 | Reached skill level 5 in Air Magic
 30081 | Shoals:1 | Killed Aizul
 30081 | Shoals:1 | Reached skill level 1 in Evocations
 30795 | D:11     | Noticed a sphinx
 30809 | D:11     | Killed a sphinx
 30809 | D:11     | Reached skill level 19 in Spellcasting
 31165 | Orc:4    | Bought a glowing cloak for 144 gold pieces
 31783 | D:11     | Reached XP level 16. HP: 86/86 MP: 41/41
 32165 | Shoals:2 | Reached skill level 10 in Necromancy
 32726 | Lair:4   | Learned a level 3 spell: Recall
 32732 | Lair:4   | Learned a level 5 spell: Phase Shift
 32806 | Shoals:3 | Learned a level 2 spell: Stoneskin
 32810 | Shoals:3 | Learned a level 3 spell: Stone Arrow
 32814 | Shoals:3 | Learned a level 3 spell: Passwall
 32890 | Shoals:3 | Reached skill level 1 in Earth Magic
 32894 | Shoals:3 | Reached XP level 17. HP: 53/90 MP: 17/42
 33088 | Shoals:3 | Noticed Louise
 33101 | Shoals:3 | Killed Louise
 33101 | Shoals:3 | Reached skill level 5 in Translocations
 33227 | Shoals:3 | Noticed Polyphemus
 33248 | Shoals:3 | Killed Polyphemus
 33453 | Shoals:4 | Found a flickering gateway to a bazaar.
 33469 | Bazaar   | Entered a bazaar
 33469 | Bazaar   | Found Temaz's Magic Scroll Emporium.
 33469 | Bazaar   | Found Ugedwuopt's Distillery.
 33471 | Bazaar   | Found Suitoq's Antique Armour Shoppe.
 33471 | Bazaar   | Found Emitu's Antique Weapon Shoppe.
 33526 | Bazaar   | Bought a pair of jewelled gloves for 190 gold pieces
 33526 | Bazaar   | Identified the +0 pair of gloves of Kel Fuqixt {MR+ MP+9} (You bought it in a shop in a bazaar)
 33526 | Bazaar   | Bought a shiny helmet for 90 gold pieces
 33555 | Bazaar   | Bought a jewelled scimitar for 180 gold pieces
 33555 | Bazaar   | Identified the +9 scimitar of Cyrumoys {holy, rPois MP+9 Str+3 Int-5} (You bought it in a shop in a bazaar)
 33558 | Bazaar   | Bought a scroll of remove curse for 27 gold pieces
 34206 | Shoals:5 | Entered Level 5 of the Shoals
 34223 | Shoals:5 | Noticed Ilsuiw
 34235 | Shoals:5 | Noticed Donald
 34240 | Shoals:5 | Killed Ilsuiw
 34309 | Shoals:4 | Reached skill level 5 in Evocations
 34311 | Shoals:4 | Killed Donald
 34531 | Shoals:5 | Reached skill level 15 in Stealth
 34794 | Shoals:5 | Reached skill level 20 in Spellcasting
 34880 | Shoals:5 | Got a barnacled rune of Zot
 34996 | Shoals:5 | Learned a level 4 spell: Animate Dead
 35001 | Shoals:5 | Learned a level 4 spell: Control Undead
 35066 | Shoals:5 | Identified the +6 war axe of the Sage {freeze, rC++ Str+4 Int+4 Stlth-}
 35159 | Shoals:5 | Identified the cursed +1 dagger "Nyafo" {venom, rElec Str-5 Int+3 Dex+4}
 35657 | Spider:1 | Entered Level 1 of the Spider Nest
 35843 | Spider:1 | Noticed Frances
 35854 | Spider:1 | Killed Frances
 36106 | Spider:1 | Noticed Kirke
 36115 | Spider:1 | Killed Kirke
 36160 | Spider:1 | Learned a level 6 spell: Deflect Missiles
 36784 | Spider:3 | Noticed Jorgrun
 36794 | Spider:2 | Killed Jorgrun
 36794 | Spider:2 | Reached skill level 5 in Charms
 36864 | Spider:2 | Your ally Jorgrun died
 37045 | Spider:3 | Reached XP level 18. HP: 73/96 MP: 27/44
 38600 | D:13     | Identified the cursed -2 cloak of a bazaar {+Inv Dex+6}
 38626 | D:13     | Found a portal to a secret trove of treasure.
 38850 | Orc:4    | Bought a potion of curing for 33 gold pieces
 39069 | D:13     | You paid a toll of 15 potions of curing to enter a treasure trove
 39070 | Trove    | Entered a treasure trove
 39073 | Trove    | Identified the cursed ring "Wota" {+Blink rPois rC+ AC+5}
 39073 | Trove    | Identified the ring of Ywniel {rF+ MR+ Dex+2 Stlth-}
 39074 | Trove    | Identified the cursed ring of Akusulel {Fire +Fly rElec MP+9}
 39358 | D:13     | Reached skill level 21 in Spellcasting
 39405 | D:13     | Found a gate to the Vaults.
 39406 | D:13     | Identified a +1 rod of the swarm (11/11)
 39517 | Vaults:1 | Entered Level 1 of the Vaults
 39538 | Vaults:1 | Noticed Saint Roka
 39712 | Vaults:1 | Killed Saint Roka
 40572 | Vaults:2 | Found a magical portal.
 40580 | WizLab   | Entered Wucad Mu's Monastery
 40610 | WizLab   | HP: 1/96 [grey draconian monk[old memories] (13)]
 40610 | WizLab   | Mangled by a grey draconian monk

Action                   |  1- 3 |  4- 6 |  7- 9 | 10-12 | 13-15 | 16-18 || total
-------------------------+-------+-------+-------+-------+-------+-------++-------
Melee: Dagger            |    23 |    93 |   588 |   613 |   801 |   639 ||  2757
 Cast: Sting             |    88 |   179 |   202 |   274 |    42 |     7 ||   792
       Mephitic Cloud    |     1 |     7 |    20 |    63 |   121 |   112 ||   324
       Iskenderun's Myst |       |       |       |    77 |    65 |    84 ||   226
       Cure Poison       |       |       |       |    21 |    26 |     2 ||    49
       Olgreb's Toxic Ra |       |       |       |    18 |    43 |    18 ||    79
       Force Lance       |       |       |       |    11 |    26 |    23 ||    60
       Animate Skeleton  |       |       |       |    44 |   219 |    70 ||   333
       Regeneration      |       |       |       |     1 |     1 |     2 ||     4
       Apportation       |       |       |       |     1 |       |     4 ||     5
       Shroud of Golubri |       |       |       |       |     1 |     7 ||     8
       Stoneskin         |       |       |       |       |       |     9 ||     9
       Animate Dead      |       |       |       |       |       |    37 ||    37
       Phase Shift       |       |       |       |       |       |    12 ||    12
       Recall            |       |       |       |       |       |     3 ||     3
       Control Teleport  |       |       |       |       |       |     1 ||     1
       Deflect Missiles  |       |       |       |       |       |     1 ||     1
Invok: Transfer Knowledg |       |       |       |       |       |     1 ||     1
 Abil: Evoke Flight      |       |       |       |       |    11 |    34 ||    45
       Stop Flying       |       |       |       |       |       |     3 ||     3
Evoke: Wand              |       |       |     4 |     7 |    17 |    17 ||    45
       Stone of tremors  |       |       |       |       |       |     2 ||     2
       Phial of floods   |       |       |       |       |       |     2 ||     2
       Fan of gales      |       |       |       |       |       |     1 ||     1
  Use: Scroll            |     2 |    10 |    10 |    21 |    13 |    23 ||    79
       Potion            |       |     1 |     6 |     2 |     2 |     6 ||    17
 Stab: Sleeping          |     1 |     1 |     9 |    14 |    50 |    23 ||    98
       Confused          |       |     2 |     5 |    30 |    92 |    76 ||   205
       Distracted        |       |       |       |     5 |     6 |    12 ||    23
       Invisible         |       |       |       |       |     3 |       ||     3
  Eat: Chunk             |     2 |    12 |    19 |    31 |    44 |    31 ||   139
       Pizza             |       |       |     1 |       |       |       ||     1
       Beef jerky        |       |       |     1 |       |       |     1 ||     2
       Bread ration      |       |       |       |       |       |     1 ||     1
